 Dungeon Crawl Stone Soup version 0.29-a0-1033-gb6c65ffae6 (webtiles) character file.

Game seed: 7231523716321100341

556967 Spectrina the Sorcerer (level 27, -8/306 HPs)
             Began as a Djinni Venom Mage on Aug 6, 2022.
             Was an Initiate of Yredelemnul.
             Killed by divine providence
             ... invoked by a royal mummy
              (9 damage)
             ... on level 2 of the Tomb of the Ancients on Aug 14, 2022.
             The game lasted 10:08:12 (34793 turns).

Spectrina the Sorcerer (Djinni Venom Mage)         Turns: 34793, Time: 10:08:13

Health: -8/306     AC: 37    Str:  7    XL:     27
Gold:   2174       EV:  2    Int: 31    God:    Yredelemnul [......] SH: 11 Dex: 16

rFire   + + .      SeeInvis .     - Unarmed
rCold   + + .      Faith    .   d - +2 shield of Resistance {rF++ rC++ Will++}
rNeg    + . .      Spirit   .   (body armour currently unavailable)
rPois   ∞          Reflect  .   (helmet currently unavailable)
rElec   .          Harm     .   (cloak currently unavailable)
rCorr   +          Rampage  .   (gloves currently unavailable)
Will    ++++.      NoTele   +   (boots unavailable)
Stlth   +++++++...              u - amulet of regeneration
HPRegen 1.41/turn               R - ring "Maideth" {rN+ rCorr EV+4 Int+2}
MPRegen 0.00/turn               i - +4 ring of protection

@: tree-form, very slightly contaminated, hasted and slowed, studying Shields
A: stationary, stasis, torment immunity, boosted hp, sickness immunity, (fire
resistance 2), (cold vulnerability 1), float, innate caster, HP casting, extra
vitality 1
}: 4/15 runes: barnacled, slimy, silver, gossamer
a: Renounce Religion, Recall Undead Harvest


You were on level 2 of the Tomb of the Ancients.
You worshipped Yredelemnul.
Yredelemnul was most pleased with you.
You were a tree.
You visited 11 branches of the dungeon, and saw 48 of its levels.
You visited 1 bazaar.
You also visited: Wizlab.

You collected 8583 gold pieces.
You spent 6409 gold pieces at shops.

Inventory:

Hand Weapons
 w - a +9 demon trident of flaming
Missiles
 m - 15 curare-tipped darts (quivered)
 D - 5 throwing nets
Armour
 d - the +2 shield of Resistance (worn) {rF++ rC++ Will++}
   (You found it on level 5 of the Pits of Slime)

   rF:        It greatly protects you from fire.
   rC:        It greatly protects you from cold.
   Will:      It greatly increases your willpower.
 l - the +4 moon troll leather armour (melded) {Spirit, Regen++ MP+5}
   (You took it off a moon troll in a wizard's laboratory)

   MP:        It affects your magic capacity (+5).
   Regen:     It increases your rate of health regeneration.
 y - the +2 helmet of the Skies Above (melded) {rCorr Slay+3}
   (You found it on level 3 of the Dungeon)

   Slay:      It affects your accuracy & damage with ranged weapons and melee
   (+3).
   rCorr:     It protects you from acid and corrosion.
 V - a scarf of repulsion (melded)
 X - a +2 pair of gloves of stealth (melded)
Magical Staves
 b - a staff of death {!a}
 e - a staff of cold {!a}
 r - a staff of air {!a}
Jewellery
 i - a +4 ring of protection (right branch)
 u - an amulet of regeneration (around neck)
 R - the ring "Maideth" (left branch) {rN+ rCorr EV+4 Int+2}
   (You found it on level 4 of the Shoals)

   [ring of evasion]

   EV:        It affects your evasion (+4).
   Int:       It affects your intelligence (+2).
   rN:        It protects you from negative energy.
   rCorr:     It protects you from acid and corrosion.
 S - the ring of Lyer Geno {Ice rCorr}
   (You took it off Josephina on level 1 of the Crypt)

   [ring of ice]

   It enhances your ice magic.
   rF:        It makes you vulnerable to fire.
   rC:        It protects you from cold.
   rCorr:     It protects you from acid and corrosion.
Wands
 f - a wand of digging (3)
 B - a wand of flame (117)
 E - a wand of paralysis (54)
 F - a wand of polymorph (24)
 G - a wand of mindburst (16)
 J - a wand of acid (5)
 K - a wand of roots (31)
Scrolls
 h - 11 scrolls of fear
 k - 20 scrolls of teleportation
 p - 13 scrolls of poison
 s - 8 scrolls of immolation
 t - 11 scrolls of vulnerability
 z - 10 scrolls of blinking
 A - a scroll of summoning
 I - 2 scrolls of enchant armour
 N - a scroll of torment
 O - 6 scrolls of magic mapping
 P - 11 scrolls of fog
 W - 5 scrolls of silence
Potions
 a - 3 potions of cancellation
 c - 12 potions of heal wounds
 g - 11 potions of might
 n - 6 potions of brilliance
 o - 5 potions of invisibility
 v - 8 potions of lignification
 x - 9 potions of resistance
 C - 9 potions of haste
 L - 16 potions of ambrosia
 M - 9 potions of mutation
 Q - 18 potions of curing
 U - 8 potions of berserk rage
 Y - 11 potions of attraction
Miscellaneous
 j - a box of beasts (inert)
 q - a lightning rod (inert)
 H - a phantom mirror (inert)
 T - a phial of floods
 Z - a condenser vane (inert)


   Skills:
 + Level 19.6 Fighting
 + Level 14.8 Dodging
 - Level 18.5 Stealth
 * Level 4.2 Shields
 * Level 13.8 Unarmed Combat
 * Level 21.4 Spellcasting
 + Level 19.6 Invocations
 + Level 7.2 Evocations


You couldn't memorise any spells.
You knew the following spells:

 Your Spells              Type           Power      Damage    Failure   Level
a - Scorch                Fire           100%       2d10      0%          2
e - Ignite Poison         Fire/Tmut/Pois 100%       N/A       0%          3
f - Fire Storm            Conj/Fire      52%        8d13      41%         9
i - Malign Gateway        Summ/Tloc      52%        N/A       1%          7
j - Alistair's Intoxicat  Tmut/Pois      70%        N/A       0%          5
k - Slow                  Hex            100%       N/A       0%          1
l - Mephitic Cloud        Conj/Pois/Air  100%       N/A       0%          3
m - Necromutation         Tmut/Necr      52%        N/A       2%          8
n - Storm Form            Tmut/Air       52%        N/A       1%          7
p - Summon Cactus Giant   Summ           52%        N/A       1%          6
q - Poisonous Vapours     Pois/Air       100%       N/A       0%          2
s - Searing Ray           Conj           100%       2d8       0%          2
v - Polar Vortex          Ice            52%        N/A       41%         9
w - Olgreb's Toxic Radia  Pois           100%       N/A       0%          4
x - Iskenderun's Mystic   Conj/Tloc      100%       2d19      0%          4
A - Sting                 Tmut/Pois      100%       1d8       0%          1
D - Dragon Form           Tmut           52%        N/A       1%          7
Your spell library was empty.

Dungeon Overview and Level Annotations

Branches:
Dungeon (14/15)            Temple (1/1) D:6            Lair (5/5) D:8
 Shoals (4/4) Lair:3       Spider (4/4) Lair:3        Slime (5/5) Lair:4
    Orc (2/2) D:9             Elf (3/3) Orc:2        Vaults (5/5) D:13
  Crypt (3/3) Vaults:3       Tomb (2/3) Crypt:3      WizLab (visited)

Altars:
Elyvilon
Gozag
Nemelex Xobeh
Okawaru
Ru
Trog
Uskayaw
Wu Jian
Yredelemnul
The Shining One
Jiyva

Shops:
D:3 :   D:11 *   Orc:1 !   Orc:2 [:[[   Elf:2 ?   Elf:3 *[*   Shoals:3 :?
Vaults:3 :*=[   Vaults:4 *


Innate Abilities, Weirdness & Mutations

You are a tree.
Your roots penetrate the ground, keeping you stationary.
You cannot be teleported.
You are immune to unholy pain and torment.
Your maximum health is greatly increased.
Your equipment is partially melded.
You are immune to sickness and miasma.
You are immune to poison.
((Your flesh is very heat resistant. (rF++)))
((You are vulnerable to cold. (rC-)))
You float through the air rather than walking.
You learn spells naturally, not from books.
Your magical power is your life essence.
You have superior vitality. (+4 MHP)


Message History

The death scarab is engulfed in freezing vapours.
The emperor scorpion is engulfed in freezing vapours.
The emperor scorpion stings you but does no damage.
The emperor scorpion claws you but does no damage.
You block the emperor scorpion's attack.
The royal mummy is engulfed in freezing vapours.
The royal mummy hits you!
* * * LOW HITPOINT WARNING * * *
The mummy is engulfed in freezing vapours.
The death scarab is engulfed in freezing vapours. x2
The death scarab waves its antennae.
The death scarab is engulfed in freezing vapours.
The emperor scorpion is engulfed in freezing vapours.
You kill the emperor scorpion!
The emperor scorpion's corpse disappears in a puff of smoke!
The emperor scorpion is engulfed in freezing vapours.
The emperor scorpion stings you.
* * * LOW HITPOINT WARNING * * *
The emperor scorpion claws you but does no damage. x2
You hear a faint skittering sound.
Unknown command.
Unknown command.
You feel much better.
The death scarab is engulfed in freezing vapours. x2
The death scarab barely misses you.
The death scarab is engulfed in freezing vapours.
The death scarab bites you!
* * * LOW HITPOINT WARNING * * *
The death scarab waves its antennae.
The death scarab is engulfed in freezing vapours. x3
The death scarab bites you!
* * * LOW HITPOINT WARNING * * *
The death scarab is engulfed in freezing vapours.
You block the death scarab's attack.
The royal mummy is engulfed in freezing vapours.
The royal mummy mumbles some strange words.
The royal mummy casts a spell at you. Something smites you!
You die...
Your body rises from the dead as a mindless zombie.

********###########*********
*,,,,,,,#§BB#B§§.§#>,,,,,,,,
*,,,,,,,#§BM#B.§☼§#^,,,,,,,,
*,,,,^,^#BBMsMZ§.§#,,^,,,,,,
*,,,,,,,#BB♣#^M.§§#,,,,,,,,,
*,,,,,**#######M###*********
*,,^,,*,,,,,,...MB,,,,,,,,,,
***+***,,,,vv.○....V,,,,,,,,
*,,,^,*,,*#.....†....,,,**,,
*,,,,,*,,*#vvv..v....,,,**,,
*,,,,,+,*#vvvv..,....,,,,**,
*,,,,,*,*#..MM(M,,**,,,,,**,
*******,,,,,,,,,,,,**,,,,,,,


You could see 2 royal mummies, an emperor scorpion (summoned), 9 death scarabs,
a mummy and a juggernaut skeleton.

Vanquished Creatures
  Josephina (Crypt:1)
  2 royal mummies (Tomb:2)
  2 tentacled monstrosities (Vaults:5)
  A titan (Vaults:5)
  6 acid blobs
  2 deep elf blademasters (Elf:3)
  A kraken (Shoals:4)
  2 tentacled starspawn (WizLab)
  An ancient champion (Crypt:3)
  5 sphinxes
  A shadow dragon (Vaults:3)
  4 storm dragons (Vaults:5)
  2 tengu reavers (Vaults:5)
  5 azure jellies (Slime:5)
  A rockslime (Slime:5)
  Donald (Elf:3)
  2 fire giants (Vaults:5)
  5 deep elf sorcerers
  2 orc warlords
  12 vault wardens
  A cacodemon (WizLab)
  2 emperor scorpions
  A ghost moth (Spider:1)
  A curse skull (Vaults:3)
  4 deep elf elementalists (Elf:3)
  12 ironbound preservers
  7 ghouls
  2 quicksilver oozes (Slime:5)
  8 stone giants
  10 very ugly things
  3 vampire knights
  3 broodmothers
  2 ironbound thunderhulks
  6 dire elephants
  4 deep elf demonologists (Elf:3)
  6 entropy weavers
  A spark wasp (Spider:2)
  7 deep elf annihilators
  An eidolon (Crypt:2)
  The ghost of GloriousHammer the Spry, a journeyman FeSu of Gozag (Spider:1)
  An acid blob zombie (Slime:5)
  6 merfolk impalers
  4 merfolk javelineers
  4 mummy priests
  4 deep elf high priests
  3 ettins (Vaults:5)
  9 deep elf death magi
  10 jiangshi
  7 great orbs of eyes
  Fannar (D:12)
  A spectral spriggan (Crypt:3)
  7 yaktaur captains
  22 vault guards
  6 boulder beetles
  18 centaur warriors
  2 catoblepae
  4 merfolk avatars
  2 merfolk aquamancers (Shoals:4)
  2 ironbound frosthearts (Vaults:3)
  4 hydras
  3 radroaches
  8 two-headed ogres
  3 death knights
  3 satyrs
  An alligator snapping turtle (Shoals:4)
  A tengu warrior (D:13)
  An alligator (Shoals:1)
  15 death scarabs
  2 vampire magi
  4 orc high priests
  5 death yaks
  A hell knight (Crypt:3)
  Sonja (D:12)
  10 deep elf knights
  A wretched star (WizLab)
  A pharaoh ant (Spider:3)
  A shadow wraith (Crypt:2)
  8 glowing orange brains
  21 skeletal warriors
  12 sea snakes
  2 flayed ghosts (Crypt:3)
  A ghost moth zombie (Crypt:2)
  2 steelbarb worms (Spider:4)
  5 deep elf archers
  5 orb spiders
  21 deep trolls
  4 bog bodies
  7 lindwurms
  15 deep elf pyromancers
  8 orc knights
  6 wizards
  14 ironbound convokers
  24 deep elf zephyrmancers
  4 phantasmal warriors
  6 necromancers
  Pikel (D:7)
  16 ugly things
  6 orc sorcerers
  An oklob plant (Lair:4)
  6 shining eyes
  8 cyclopes
  9 elephants
  9 wolf spiders
  10 fauns
  13 manticores
  2 moths of wrath
  A guardian serpent (Lair:5)
  6 merfolk sirens
  4 water nymphs
  The ghost of JakeJacob the Poker, a novice VSCK of Xom (D:5)
  13 vault sentinels
  4 eyes of devastation
  5 torpor snails
  8 black mambas
  A red draconian zombie (Crypt:1)
  5 cane toads
  A human zombie (Vaults:5)
  An orange demon (Lair:1)
  4 kobold demonologists (D:14)
  A demonic crawler (Spider:3)
  7 rime drakes
  The ghost of Sweeb the Slasher, a novice TeMo (D:4)
  4 komodo dragons
  9 guardian mummies
  35 yaktaurs
  3 freezing wraiths
  A tengu conjurer (D:13)
  A spectral harpy (Crypt:3)
  16 polar bears
  A harpy zombie (Shoals:3)
  A queen bee (D:12)
  24 merfolk
  9 meliai
  A meliai (shapeshifter) (D:14)
  A mana viper skeleton (Crypt:1)
  2 hornets (Lair:5)
  11 trolls
  9 wind drakes
  17 tarantellas
  21 slime creatures
  A raiju (Lair:5)
  13 snapping turtles
  3 dream sheep (Shoals:4)
  A snapping turtle (shapeshifter) (Vaults:3)
  46 flying skulls
  2 air elementals (Elf:2)
  17 culicivoras
  A jumping spider (shapeshifter) (Elf:1)
  27 jumping spiders
  3 shadows
  4 wraiths
  3 slime creature zombies
  5 water elementals
  A basilisk (Lair:5)
  33 yaks
  5 hogs (D:12)
  9 wyverns
  2 steam dragons
  14 golden eyes
  A neqoxec (WizLab)
  33 redbacks
  A vampire mosquito (D:13)
  8 wargs
  4 hell hounds (Lair:5)
  11 water moccasins
  Duvessa (D:6)
  A sky beast (D:7)
  40 orc warriors
  An elf zombie (Elf:2)
  17 black bears
  A black mamba simulacrum (Crypt:1)
  4 boggarts (Vaults:1)
  8 ogres
  10 centaurs
  2 lemures
  16 wolves
  A phantom (D:7)
  A komodo dragon zombie (Crypt:2)
  A kobold brigand (D:7)
  A yaktaur zombie (Crypt:2)
  2 gnoll sergeants
  7 bullfrogs
  Blork the orc (D:6)
  7 necrophages
  4 scorpions
  9 wights
  Dowan (D:6)
  32 killer bees
  6 electric eels
  A starcursed mass (WizLab)
  A jelly (D:7)
  A gnoll bouda (D:6)
  31 orc priests
  8 hounds
  3 iguanas
  23 orc wizards
  A tengu skeleton (Crypt:2)
  5 mummies
  Robin (D:4)
  4 adders
  23 gnolls
  A river rat (D:5)
  A white imp (D:7)
  An ufetubus (D:5)
  3 worms
  2 dart slugs
  95 orcs
  12 ball pythons
  4 endoplasms
  3 giant cockroaches
  6 goblins
  7 hobgoblins
  6 jackals
  8 quokkas
  6 bats
  2 frilled lizards
  A jackal skeleton (Crypt:2)
  14 kobolds
  4 rats
  4 butterflies (D:4)
  A starspawn tentacle (WizLab)
  A tentacle (Shoals:4)
1499 creatures vanquished.

Vanquished Creatures (collateral kills)
  A dread lich (Vaults:3)
  3 ancient liches
  5 royal mummies
  A bone dragon (Crypt:3)
  A profane servitor (Crypt:3)
  Nikola (Elf:3)
  2 tentacled monstrosities
  3 liches
  A moon troll (WizLab)
  A quicksilver dragon (WizLab)
  2 deep elf master archers (Elf:3)
  A titan (Vaults:5)
  10 acid blobs (Slime:5)
  An eldritch tentacle (Slime:5)
  3 ancient champions
  A spectral jelly (Slime:5)
  5 sphinxes
  4 shadow dragons
  10 tentacled starspawn (WizLab)
  3 storm dragons
  A tengu reaver (Vaults:5)
  3 revenants
  Kirke (D:12)
  4 rockslimes
  An orc warlord (Vaults:1)
  A frost giant (Vaults:5)
  A deep elf sorcerer (Elf:2)
  4 ghost moths
  A curse skull (Crypt:1)
  6 vault wardens
  3 emperor scorpions (Spider:4)
  An iron dragon (Vaults:5)
  3 ghouls (Crypt:1)
  A deep elf elementalist (Elf:3)
  5 ironbound preservers
  A reaper (Crypt:2)
  8 quicksilver oozes
  5 broodmothers (Spider:4)
  11 very ugly things
  6 war gargoyles
  4 stone giants
  4 vampire knights
  2 deep elf demonologists
  2 bennus (Tomb:1)
  A deep elf annihilator (Elf:3)
  A dire elephant (Vaults:2)
  4 eidola
  A spark wasp (Spider:4)
  An ettin (Vaults:5)
  5 jiangshi
  A deep elf death mage (Crypt:2)
  10 mummy priests
  2 great orbs of eyes
  7 yaktaur captains
  10 vault guards
  3 peacekeepers
  A hydra (Lair:3)
  A quicksilver dragon skeleton (Crypt:2)
  An ironbound frostheart (Vaults:4)
  2 boulder beetles
  An ogre mage (Vaults:3)
  A catoblepas (Lair:5)
  A merfolk aquamancer (Shoals:2)
  A two-headed ogre (shapeshifter) (Vaults:5)
  3 centaur warriors
  6 death knights
  A fenstrider witch skeleton (Crypt:1)
  A merfolk avatar (Shoals:4)
  26 dancing weapons
  A tengu warrior (D:13)
  2 vampire magi
  13 death scarabs
  6 death yaks
  4 large abominations
  2 soul eaters (Crypt:1)
  2 hell knights
  4 deep elf knights
  4 pharaoh ants
  24 skeletal warriors
  A wretched star (WizLab)
  A shadow wraith (Crypt:3)
  A sun moth (Spider:3)
  3 flayed ghosts
  6 orb spiders
  7 steelbarb worms
  An orange crystal statue (WizLab)
  2 orc knights
  A deep elf archer (Elf:3)
  An orb spider (shapeshifter) (Vaults:5)
  5 sea snakes
  3 deep trolls
  A necromancer (Crypt:1)
  A wizard (Vaults:2)
  19 phantasmal warriors
  A harpy (shapeshifter) (Vaults:5)
  A wolf spider zombie (Crypt:1)
  3 deep elf zephyrmancers (Elf:2)
  19 harpies
  An oklob plant (Lair:5)
  2 fauns (Shoals:2)
  5 deep elf pyromancers
  8 wolf spiders
  3 cyclopes
  A manticore (Shoals:2)
  A merfolk siren (Shoals:2)
  11 ugly things
  A titan simulacrum (Crypt:1)
  2 vault sentinels (Vaults:5)
  An elephant (Lair:4)
  10 cane toads
  7 black mambas
  A gargoyle (D:14)
  3 torpor snails
  A red draconian zombie (Crypt:1)
  A water nymph (Shoals:1)
  A rime drake (Shoals:3)
  7 demonic crawlers
  A yaktaur zombie (Vaults:1)
  A human zombie (Vaults:2)
  4 yaktaurs
  5 freezing wraiths
  2 komodo dragons
  A death yak skeleton (Crypt:1)
  14 guardian mummies
  A yaktaur skeleton (Vaults:1)
  A hydra zombie (Tomb:1)
  A polar bear (Lair:5)
  2 human skeletons (Vaults:1)
  2 meliai (Spider:4)
  A grey draconian skeleton (Crypt:1)
  A merfolk (shapeshifter) (Vaults:5)
  2 merfolk (Shoals:4)
  A troll (Vaults:5)
  3 harpy skeletons
  13 tarantellas
  A hornet (shapeshifter) (Vaults:5)
  A death drake skeleton (Crypt:1)
  A raiju (Lair:5)
  A dream sheep (Shoals:4)
  2 wind drakes (Shoals:3)
  An iron dragon simulacrum (Crypt:1)
  49 slime creatures
  A snapping turtle (Shoals:4)
  18 jumping spiders
  20 flying skulls
  9 culicivoras
  An air elemental (Elf:3)
  2 shadows
  7 ushabtiu
  6 wyverns (Lair:5)
  A merfolk skeleton (Crypt:1)
  A culicivora (shapeshifter) (Vaults:5)
  2 vampires
  6 water elementals
  9 wraiths
  3 slime creature zombies (Slime:3)
  2 fire elementals
  10 yaks
  7 vampire mosquitoes
  7 golden eyes
  29 redbacks
  A steam dragon (Shoals:3)
  An acid dragon (D:14)
  3 naga zombies (Crypt:1)
  5 wargs
  11 hell hounds (Lair:5)
  10 water moccasins
  2 small abominations (Crypt:3)
  3 orc warriors
  4 black bears
  A cane toad skeleton (Crypt:2)
  An ettin simulacrum (Crypt:1)
  4 wolves
  3 centaurs
  4 elf zombies
  An earth elemental (Elf:3)
  A glowing shapeshifter simulacrum (Vaults:1)
  2 bullfrogs
  A necrophage (Crypt:1)
  A scorpion (Lair:3)
  A naga simulacrum (Crypt:1)
  An elf skeleton (Crypt:1)
  2 howler monkeys
  6 starcursed masses (WizLab)
  A centaur skeleton (Crypt:2)
  An orc priest (Orc:1)
  9 mummies
  A gnoll (D:10)
  9 orcs
  A river rat zombie (Crypt:1)
  3 kobolds
  2 orc zombies
  6 bushes
  A butterfly (Lair:2)
  A plant (Lair:5)
  10 starspawn tentacles (WizLab)
  A tentacle (Shoals:3)
804 creatures vanquished.

Vanquished Creatures (others)
  102 eldritch tentacles
  A revenant (Crypt:1)
  A spectral rockslime (Slime:5)
  A spectral titan (Crypt:1)
  A spectral tentacled monstrosity (Vaults:5)
  A spectral sphinx (Tomb:1)
  2 spectral elves
  2 very ugly thing zombies
  A spectral guardian serpent (Spider:4)
  3 acid blob zombies (Slime:5)
  A quicksilver dragon zombie (WizLab)
  2 entropy weaver zombies
  A spectral merfolk (Shoals:4)
  A wolf spider zombie (Spider:4)
  A stone giant zombie (Vaults:5)
  4 ugly thing zombies
  A deep elf zephyrmancer (Orc:1)
  A broodmother zombie (Spider:4)
  A harpy (Vaults:2)
  11 death scarab zombies
  5 centaur zombies
  A titan simulacrum (Crypt:1)
  2 spectral soul eaters (Crypt:1)
  A death yak zombie (Lair:4)
  A steelbarb worm zombie (Spider:4)
  2 yaktaurs
  A guardian mummy (Crypt:2)
  A sea snake zombie (Shoals:4)
  4 spectral glowing orange brains (WizLab)
  2 orb spider zombies (Spider:4)
  8 harpy zombies
  9 redback zombies
  A satyr zombie (Shoals:2)
  3 tarantella zombies
  3 culicivora zombies
  7 jumping spider zombies
  A great orb of eyes zombie (Slime:5)
  5 black mamba zombies
  4 meliai zombies
  5 slime creature zombies
  2 wind drake zombies (Shoals:3)
  A redback (Spider:4)
  A two-headed ogre zombie (Vaults:5)
  28 human zombies
  8 merfolk zombies
  8 deep troll zombies
  A cane toad zombie (Lair:5)
  A spectral eye of devastation (WizLab)
  An orc warrior (Orc:2)
  A lindwurm zombie (Vaults:2)
  2 dream sheep zombies (Shoals:4)
  12 elf zombies
  8 spectral golden eyes
  A wolf (Lair:5)
  A rime drake zombie (Shoals:3)
  A spectral neqoxec (WizLab)
  13 yaktaur zombies
  4 wyvern zombies (Lair:5)
  A cyclops zombie (Shoals:4)
  3 water moccasin zombies (Lair:5)
  8 hell hound zombies (Lair:5)
  3 polar bear zombies (Lair:5)
  A raiju zombie (Lair:5)
  3 yak zombies
  11 wolf zombies
  A bullfrog zombie (Lair:2)
  7 black bear zombies
  3 boggart zombies (Vaults:1)
  3 killer bee zombies (D:12)
  3 ogre zombies
  A howler monkey zombie (D:13)
  2 spectral electric eels
  An adder zombie (D:4)
  2 endoplasm zombies (D:4)
  2 giant cockroach zombies (Lair:3)
  2 gnoll zombies (D:4)
  A goblin zombie (D:4)
  A hobgoblin zombie (D:4)
  39 orc zombies
  A spectral ufetubus (D:5)
  5 demonic plants (WizLab)
  24 fire vortices (Tomb:2)
  51 fungi
  208 plants
  24 starspawn tentacles (WizLab)
  56 tentacles
766 creatures vanquished.

Grand Total: 3069 creatures vanquished

Notes
Turn   | Place    | Note
-------+----------+-------------------------------------------
     0 | D:1      | Spectrina the Djinni Venom Mage began the quest for the
                  | Orb.
     0 | D:1      | Spectrina set off with the following spells memorised:
                  | Sting, Poisonous Vapours, Mephitic Cloud, Olgreb's Toxic
                  | Radiance.
     0 | D:1      | Reached XP level 1. HP: 15/15 MP: 0/0
   148 | D:1      | Found a faded altar of an unknown god.
   250 | D:1      | Reached XP level 2. HP: 8/22 MP: 0/0
   536 | D:3      | Reached XP level 3. HP: 14/26 MP: 0/0
   536 | D:3      | Learned a level 1 spell: Slow
   609 | D:3      | Found Ryot Woph's Book Boutique.
   655 | D:2      | Reached skill level 1 in Invocations
   673 | D:2      | Reached skill level 1 in Fighting
   857 | D:2      | Identified the +6 hand axe of Unnotyru {venom, Fly rElec
                  | rN+ Int-2}
   910 | D:2      | Reached XP level 4. HP: 6/32 MP: 0/0
  1017 | D:3      | Reached skill level 3 in Spellcasting
  1167 | D:3      | Found a bloodstained altar of Trog.
  1503 | D:3      | Identified the +2 helmet of the Skies Above {rCorr Slay+3}
  1563 | D:4      | Noticed a scorpion
  1676 | D:4      | Killed a scorpion
  1677 | D:4      | Reached XP level 5. HP: 33/38 MP: 0/0
  1677 | D:4      | Learned a level 2 spell: Scorch
  1680 | D:4      | Found a sparkling altar of Nemelex Xobeh.
  1690 | D:4      | Found an opulent altar of Gozag.
  1751 | D:4      | Noticed Robin
  1770 | D:4      | Killed Robin
  1781 | D:4      | Found an ornate altar of the Wu Jian Council.
  1802 | D:4      | Found a transporter.
  1830 | D:5      | Entered Level 5 of the Dungeon
  1930 | D:6      | Noticed Duvessa
  1930 | D:6      | Noticed Dowan
  2009 | D:7      | Noticed a lemure
  2009 | D:7      | Noticed a lemure
  2011 | D:7      | Noticed Pikel
  2025 | D:6      | Killed a lemure
  2079 | D:6      | Noticed a black bear
  2104 | D:6      | Killed a black bear
  2105 | D:6      | Reached XP level 6. HP: 21/44 MP: 0/0
  2194 | D:6      | Reached skill level 4 in Spellcasting
  2194 | D:6      | Reached XP level 7. HP: 7/49 MP: 0/0
  2194 | D:6      | Learned a level 2 spell: Searing Ray
  2376 | D:6      | Noticed Blork the orc
  2593 | D:6      | Killed Duvessa
  2600 | D:6      | Killed Dowan
  2631 | D:6      | HP: 2/50 [gnoll bouda/+0 club (9)]
  2660 | D:6      | Found a staircase to the Ecumenical Temple.
  2663 | Temple   | Entered the Ecumenical Temple
  2750 | D:6      | Reached XP level 8. HP: 14/56 MP: 0/0
  2797 | D:7      | Found an opulent altar of Gozag.
  2974 | D:7      | Reached skill level 5 in Spellcasting
  3022 | D:6      | Killed Blork the orc
  3072 | D:7      | Found an iron altar of Okawaru.
  3095 | D:7      | You are sucked into a shaft and drop 1 floor!
  3420 | D:7      | Reached XP level 9. HP: 20/63 MP: 0/0
  3420 | D:7      | Learned a level 3 spell: Ignite Poison
  3548 | D:7      | Found a bloodstained altar of Trog.
  3734 | D:9      | Found a white marble altar of Elyvilon.
  3763 | D:9      | Found a staircase to the Orcish Mines.
  3828 | D:9      | Reached skill level 6 in Spellcasting
  3957 | D:9      | Reached skill level 5 in Invocations
  3971 | D:9      | Noticed a boulder beetle
  3986 | D:9      | Killed a boulder beetle
  3987 | D:9      | Reached skill level 5 in Fighting
  3987 | D:9      | Reached skill level 5 in Stealth
  4105 | D:10     | Entered Level 10 of the Dungeon
  4181 | D:10     | Reached skill level 7 in Spellcasting
  4181 | D:10     | Reached XP level 10. HP: 21/72 MP: 0/0
  4576 | D:8      | Noticed a deep elf pyromancer
  4673 | D:5      | Found a sacrificial altar of Ru.
  4715 | D:5      | Upgraded the game from 0.29-a0-1006-g0dd7720b37 to
                  | 0.29-a0-1008-g949cc1d0fb
  4928 | Temple   | Became a worshipper of Yredelemnul the Dark
  5047 | D:5      | Found a runed translucent door.
  5052 | D:5      | Noticed JakeJacob's ghost (novice VSCK)
  5074 | D:5      | Killed JakeJacob's ghost
  5079 | D:5      | Found a runed translucent door.
  5207 | D:4      | Reached * piety under Yredelemnul
  5255 | D:4      | Found a glowing golden altar of the Shining One.
  5381 | D:4      | Reached ** piety under Yredelemnul
  5385 | D:4      | Found a transporter.
  5417 | D:4      | Noticed Sweeb's ghost (novice TeMo)
  5491 | D:4      | Killed Sweeb's ghost
  5492 | D:4      | Reached skill level 8 in Spellcasting
  5643 | D:7      | Killed Pikel
  5644 | D:7      | Reached XP level 11. HP: 59/78 MP: 0/0
  5644 | D:7      | Learned a level 4 spell: Iskenderun's Mystic Blast
  5741 | D:7      | Found a hide-covered altar of Uskayaw.
  5751 | D:7      | Reached *** piety under Yredelemnul
  5983 | D:8      | Found a staircase to the Lair.
  5999 | Lair:1   | Entered Level 1 of the Lair of Beasts
  6108 | Lair:1   | Reached **** piety under Yredelemnul
  6269 | Lair:1   | Reached ***** piety under Yredelemnul
  6273 | Lair:1   | Reached ****** piety under Yredelemnul
  6305 | Lair:1   | Reached skill level 9 in Spellcasting
  6459 | Lair:1   | Noticed Amaemon
  6471 | Lair:1   | Killed Amaemon
  6471 | Lair:1   | Enslaved Amaemon
  6482 | Lair:1   | Reached XP level 12. HP: 7/86 MP: 0/0
  7073 | D:9      | Noticed a two-headed ogre
  7079 | D:9      | Killed a two-headed ogre
  7201 | Orc:1    | Entered Level 1 of the Orcish Mines
  7205 | Orc:1    | Noticed a two-headed ogre
  7207 | Orc:1    | Killed a two-headed ogre
  7279 | Orc:1    | Reached skill level 10 in Spellcasting
  7392 | Orc:2    | Entered Level 2 of the Orcish Mines
  7392 | Orc:2    | Noticed a two-headed ogre
  7395 | Orc:2    | Killed a two-headed ogre
  7412 | Orc:2    | Noticed a two-headed ogre
  7416 | Orc:2    | Killed a two-headed ogre
  7440 | Orc:2    | Reached XP level 13. HP: 86/94 MP: 0/0
  7440 | Orc:2    | Learned a level 5 spell: Alistair's Intoxication
  7612 | Orc:2    | Noticed Erolcha
  7617 | Orc:2    | Killed Erolcha
  7617 | Orc:2    | Enslaved Erolcha
  7715 | Orc:2    | Found Mozae's Armour Shop.
  7732 | Orc:2    | Found Kaetig's Armour Boutique.
  7894 | Orc:2    | Reached skill level 11 in Spellcasting
  8185 | Orc:2    | Found a staircase to the Elven Halls.
  8229 | Orc:2    | Reached skill level 10 in Invocations
  8231 | Orc:2    | Reached skill level 10 in Fighting
  8330 | Orc:2    | Noticed an orc warlord
  8335 | Orc:2    | Killed an orc warlord
  8373 | Orc:2    | Found Ugipac's Antique Armour Shop.
  8449 | Orc:2    | Found Tawok's Book Boutique.
  8523 | Orc:2    | Bought a runed scarf for 224 gold pieces
  8587 | Orc:1    | Reached XP level 14. HP: 92/103 MP: 0/0
  8630 | Orc:1    | Found Seipidud's Distillery.
  8637 | Orc:1    | Bought 2 potions of curing for 102 gold pieces
  8637 | Orc:1    | Bought a potion of haste for 170 gold pieces
  8637 | Orc:1    | Bought a potion of invisibility for 136 gold pieces
  9066 | Lair:2   | Reached skill level 10 in Stealth
  9188 | Lair:2   | Reached skill level 12 in Spellcasting
  9274 | Lair:2   | Identified the +1 cloak of the Okapi {Str+4}
  9962 | Lair:3   | Found a hole to the Spider Nest.
 10232 | Lair:3   | Found a staircase to the Shoals.
 10459 | Lair:4   | Found a staircase to the Slime Pits.
 10461 | Lair:4   | Found a viscous altar of Jiyva.
 10466 | Lair:4   | Reached XP level 15. HP: 110/111 MP: 0/0
 10466 | Lair:4   | Learned a level 6 spell: Summon Cactus Giant
 10953 | Lair:5   | Entered Level 5 of the Lair of Beasts
 11099 | Lair:5   | Reached skill level 13 in Spellcasting
 11372 | Lair:5   | Found an iron altar of Okawaru.
 11885 | Shoals:1 | Entered Level 1 of the Shoals
 11911 | Shoals:1 | Reached XP level 16. HP: 104/119 MP: 0/0
 12307 | Shoals:2 | Reached skill level 14 in Spellcasting
 12657 | Shoals:3 | Found Yhoudda's Magic Scroll Shop.
 12814 | Shoals:3 | Noticed a kraken
 12823 | Shoals:3 | Killed a kraken
 12823 | Shoals:3 | Enslaved a kraken
 13081 | Shoals:3 | Found Zimout's Book Shoppe.
 13134 | Shoals:4 | Entered Level 4 of the Shoals
 13165 | Shoals:4 | Noticed Polyphemus
 13187 | Shoals:4 | Reached XP level 17. HP: 82/127 MP: 0/0
 13187 | Shoals:4 | Learned a level 7 spell: Dragon Form
 13286 | Shoals:4 | Killed Polyphemus
 13286 | Shoals:4 | Enslaved Polyphemus
 13315 | Shoals:4 | Noticed a kraken
 13320 | Shoals:4 | Killed a kraken
 13352 | Shoals:4 | Got a barnacled rune of Zot
 13408 | Shoals:4 | Identified the ring "Maideth" {rN+ rCorr EV+4 Int+2}
 13487 | Shoals:4 | Reached skill level 15 in Spellcasting
 13852 | Shoals:3 | Bought a scroll of fear for 84 gold pieces
 13852 | Shoals:3 | Bought a scroll of teleportation for 63 gold pieces
 13852 | Shoals:3 | Bought a scroll of enchant armour for 157 gold pieces
 13852 | Shoals:3 | Bought a scroll of teleportation for 63 gold pieces
 13857 | Shoals:3 | Bought a scroll of torment for 199 gold pieces
 13953 | Spider:1 | Entered Level 1 of the Spider Nest
 14096 | Spider:1 | Noticed Aizul
 14110 | Spider:1 | Killed Aizul
 14110 | Spider:1 | Enslaved Aizul
 14192 | Spider:1 | Identified the +1 robe of the World {MP-9 Str+3 Slay+2}
 14360 | Spider:1 | Found a runed translucent door.
 14361 | Spider:1 | Noticed GloriousHammer's ghost (journeyman FeSu)
 14378 | Spider:1 | Killed GloriousHammer's ghost
 14385 | Spider:1 | Identified the +10 quarterstaff of Kyceur {spect, rElec}
 14555 | Spider:2 | Reached XP level 18. HP: 131/135 MP: 0/0
 15682 | Spider:4 | Entered Level 4 of the Spider Nest
 15755 | Spider:4 | Reached skill level 16 in Spellcasting
 15854 | Spider:4 | Reached skill level 5 in Dodging
 15944 | Spider:4 | Reached XP level 19. HP: 50/141 MP: 0/0
 15944 | Spider:4 | Learned a level 7 spell: Malign Gateway
 15984 | Spider:4 | Your ally Aizul died
 16082 | Spider:4 | Got a gossamer rune of Zot
 16643 | Elf:1    | Entered Level 1 of the Elven Halls
 16643 | Elf:1    | Found a runed translucent gate.
 16643 | Elf:1    | Found a runed translucent gate.
 16643 | Elf:1    | Found a runed translucent gate.
 16643 | Elf:1    | Found a runed translucent gate.
 16643 | Elf:1    | Found a runed translucent gate.
 16643 | Elf:1    | Found a runed translucent gate.
 16646 | Elf:1    | Found a runed translucent door.
 16652 | Elf:1    | Reached skill level 15 in Invocations
 16657 | Elf:1    | You are sucked into a shaft and drop 1 floor!
 16806 | Elf:2    | Reached skill level 15 in Fighting
 17029 | Elf:2    | Paralysed by an air elemental for 1 turns
 17032 | Elf:2    | Paralysed by an air elemental for 1 turns
 17155 | Elf:2    | Paralysed by an air elemental for 1 turns
 17159 | Elf:2    | Paralysed by an air elemental for 1 turns
 17223 | Elf:2    | Found Dedwi's Magic Scroll Emporium.
 17421 | Elf:2    | Found a runed translucent gate.
 17422 | Elf:2    | Found a runed translucent gate.
 17422 | Elf:2    | Found a runed translucent gate.
 17658 | Elf:3    | Entered Level 3 of the Elven Halls
 17729 | Elf:3    | Found Roraaprurgha's Assorted Antiques.
 17751 | Elf:3    | Reached skill level 17 in Spellcasting
 17751 | Elf:3    | Reached XP level 20. HP: 100/150 MP: 0/0
 17757 | Elf:3    | Bought a potion of curing for 135 gold pieces
 17811 | Elf:3    | Identified the +5 leather armour "Boan" {*Slow rC+ Str+4}
 17832 | Elf:3    | Found Edas's Assorted Antiques.
 17841 | Elf:3    | Bought a potion of invisibility for 240 gold pieces
 17850 | Elf:3    | Found Nuixki's Armour Emporium.
 17850 | Elf:3    | Noticed Donald
 17855 | Elf:3    | Killed Donald
 18008 | Elf:3    | Noticed Nikola
 18014 | Elf:3    | Killed Nikola
 18071 | Elf:3    | Identified the +6 mace of Ointment {venom, rPois rC+ Will+}
 18108 | Elf:3    | Identified the +5 war axe of Uskayaw, Inviting {venom, rN+
                  | Dex+7}
 18115 | Elf:3    | Identified the +8 great sword of Mayhem {vorpal, Drain
                  | rPois Str+3}
 18167 | Elf:3    | Identified the +8 flail of Greed {flame, Will+}
 18232 | Elf:3    | Identified the +3 plate armour "Sajuykubb" {rCorr}
 18389 | Elf:2    | Bought a scroll of brand weapon for 190 gold pieces
 18443 | Elf:1    | Found a runed translucent door.
 19377 | D:10     | Identified a scroll of acquirement
 19736 | D:11     | Found Ciher's Assorted Antiques.
 19748 | D:11     | Bought a wand of roots (4) for 278 gold pieces
 19748 | D:11     | Bought a potion of resistance for 290 gold pieces
 19748 | D:11     | Bought a scroll of enchant armour for 217 gold pieces
 19748 | D:11     | Bought a potion of haste for 290 gold pieces
 19818 | D:11     | Found Teuh's Distillery.
 19826 | D:11     | Bought a potion of cancellation for 104 gold pieces
 19826 | D:11     | Bought a potion of haste for 130 gold pieces
 19826 | D:11     | Bought a potion of heal wounds for 65 gold pieces
 19839 | D:11     | Found an iron altar of Okawaru.
 20074 | D:12     | Noticed Fannar
 20079 | D:12     | Killed Fannar
 20204 | D:12     | Noticed Kirke
 20209 | D:12     | Killed Kirke
 20480 | D:12     | Noticed Sonja
 20483 | D:12     | Killed Sonja
 20632 | D:13     | Reached XP level 21. HP: 135/157 MP: 0/0
 20632 | D:13     | Learned a level 8 spell: Necromutation
 20671 | D:13     | Found a gate to the Vaults.
 21069 | D:13     | Identified the +7 chain mail of Indemnity {Str+4 Int+3
                  | Stlth-}
 21283 | Vaults:1 | Entered Level 1 of the Vaults
 21503 | Vaults:1 | Reached skill level 10 in Dodging
 21814 | Vaults:1 | Reached skill level 18 in Spellcasting
 21817 | Vaults:1 | Reached skill level 15 in Stealth
 22128 | Vaults:2 | Found a magical portal.
 22145 | WizLab   | Entered Lehudib's Moon Base
 22241 | WizLab   | Found a transporter.
 22540 | WizLab   | Reached XP level 22. HP: 154/166 MP: 0/0
 22731 | WizLab   | Found a transporter.
 23172 | WizLab   | Identified the ring of Midnight {*Corrode rPois rC+ SInv
                  | Stlth+}
 23178 | WizLab   | Identified the +9 short sword "Kutrive" {vamp, rF+ Dex+4}
 23399 | Vaults:2 | Upgraded the game from 0.29-a0-1008-g949cc1d0fb to
                  | 0.29-a0-1009-g60c99734e7
 24112 | Vaults:3 | Found Woyg's Antique Armour Boutique.
 24333 | Vaults:3 | Found Vazunt's Book Emporium.
 24396 | Vaults:3 | Reached skill level 19 in Spellcasting
 24409 | Vaults:3 | Reached XP level 23. HP: 97/173 MP: 0/0
 24409 | Vaults:3 | Learned a level 7 spell: Storm Form
 24686 | Vaults:3 | Found a staircase to the Crypt.
 24790 | Vaults:3 | Found Dafack's Jewellery Shop.
 24794 | Vaults:3 | Identified the +1 scale mail of a wizard's laboratory
                  | {rElec rPois Str-5 Int+4}
 24802 | Vaults:3 | Upgraded the game from 0.29-a0-1009-g60c99734e7 to
                  | 0.29-a0-1016-g236c7fd91e
 24938 | Vaults:3 | Found Dycvum's Assorted Antiques.
 24946 | Vaults:3 | Bought a potion of heal wounds for 105 gold pieces
 25130 | Vaults:3 | Found a huge runed gate.
 25130 | Vaults:3 | Found a huge runed gate.
 25130 | Vaults:3 | Found a huge runed gate.
 25130 | Vaults:3 | Found a huge runed gate.
 25130 | Vaults:3 | Found a huge runed gate.
 25130 | Vaults:3 | Found a huge runed gate.
 25131 | Vaults:3 | Found a huge runed gate.
 25131 | Vaults:3 | Found a huge runed gate.
 25131 | Vaults:3 | Found a huge runed gate.
 25131 | Vaults:3 | Found a huge runed gate.
 25131 | Vaults:3 | Found a huge runed gate.
 25132 | Vaults:3 | Found a huge runed gate.
 25134 | Vaults:3 | Found a huge runed gate.
 25136 | Vaults:3 | Found a huge runed gate.
 25140 | Vaults:3 | Found a huge runed gate.
 25141 | Vaults:3 | Found a huge runed gate.
 25153 | Vaults:3 | Found a huge runed gate.
 25153 | Vaults:3 | Found a huge runed gate.
 25153 | Vaults:3 | Found a huge runed gate.
 25153 | Vaults:3 | Found a huge runed gate.
 25153 | Vaults:3 | Found a huge runed gate.
 25153 | Vaults:3 | Found a huge runed gate.
 25153 | Vaults:3 | Found a huge runed gate.
 25154 | Vaults:3 | Found a huge runed gate.
 25155 | Vaults:3 | Found a huge runed gate.
 25163 | Vaults:3 | Found a huge runed gate.
 25163 | Vaults:3 | Found a huge runed gate.
 25163 | Vaults:3 | Found a huge runed gate.
 25163 | Vaults:3 | Found a huge runed gate.
 25163 | Vaults:3 | Found a huge runed gate.
 25163 | Vaults:3 | Found a huge runed gate.
 25164 | Vaults:3 | Found a huge runed gate.
 25165 | Vaults:3 | Found a huge runed gate.
 25166 | Vaults:3 | Found a huge runed gate.
 25233 | Vaults:3 | Noticed a dread lich
 25242 | Vaults:3 | Killed a dread lich
 25352 | Vaults:4 | Found Viqujeh's General Store.
 25354 | Vaults:4 | Found a flickering gateway to a bazaar.
 25382 | Bazaar   | Entered a bazaar
 25396 | Bazaar   | Found Asokh's Assorted Antiques.
 25416 | Bazaar   | Found Gyraut's General Store.
 25416 | Bazaar   | Found Piudokutz's Antique Weapon Emporium.
 25437 | Bazaar   | Found Segyediv's Book Shoppe.
 25437 | Bazaar   | Found Dixudeov's Armour Emporium.
 25480 | Bazaar   | Bought a scroll of brand weapon for 104 gold pieces
 25480 | Bazaar   | Bought a lightning rod (4/4) for 330 gold pieces
 25496 | Bazaar   | Bought a scroll of fog for 136 gold pieces
 25496 | Bazaar   | Bought a scroll of fog for 136 gold pieces
 26170 | Vaults:5 | Entered Level 5 of the Vaults
 26295 | Vaults:5 | Identified the +9 short sword "Uneisa Hice" {spect, Will+
                  | Str+4}
 26310 | Vaults:5 | Reached XP level 24. HP: 138/181 MP: 0/0
 26370 | Vaults:5 | Found the amulet of Elemental Vulnerability {rPois rF--
                  | rC-- AC+8}
 26387 | Vaults:5 | Identified the ring "Yseut" {rF+ rC+ rCorr}
 26400 | Vaults:5 | Identified the +1 steam dragon scales of Jesiompy {Will-
                  | Regen+ MP+9}
 26412 | Vaults:5 | Identified the ring of the Catfish {rElec rF+ rCorr Dex-5}
 26430 | Vaults:5 | Identified the +0 robe "Obol" {rF+ SInv}
 26464 | Vaults:5 | Got a silver rune of Zot
 26549 | Vaults:5 | Noticed an ancient lich
 26554 | Vaults:5 | Killed an ancient lich
 26646 | Vaults:5 | Reached skill level 20 in Spellcasting
 26764 | Vaults:5 | Identified the +8 morningstar "Ruemp" {vorpal, rF+ Int+2}
 26784 | Vaults:5 | Noticed an ancient lich
 26802 | Vaults:5 | Killed an ancient lich
 26822 | Vaults:5 | Identified the +0 sling of Welfare {flame, rElec}
 27265 | Crypt:1  | Entered Level 1 of the Crypt
 27300 | Crypt:1  | Reached skill level 1 in Unarmed Combat
 27305 | Crypt:1  | Reached skill level 1 in Evocations
 27509 | Crypt:1  | Identified the ring of Lyer Geno {Ice rCorr}
 27509 | Crypt:1  | Noticed Josephina
 27632 | Crypt:1  | Reached XP level 25. HP: 173/188 MP: 0/0
 27632 | Crypt:1  | Learned a level 9 spell: Polar Vortex
 27694 | Crypt:1  | Upgraded the game from 0.29-a0-1016-g236c7fd91e to
                  | 0.29-a0-1019-g84f7d21838
 28168 | Crypt:1  | Killed Josephina
 28169 | Crypt:1  | Reached skill level 5 in Unarmed Combat
 29181 | Crypt:2  | Noticed a royal mummy
 29199 | Crypt:2  | Killed a royal mummy
 29251 | Crypt:2  | Noticed a royal mummy
 29266 | Crypt:2  | Killed a royal mummy
 29391 | Crypt:3  | Entered Level 3 of the Crypt
 29749 | Crypt:3  | Reached skill level 5 in Evocations
 29847 | Crypt:3  | Reached XP level 26. HP: 172/197 MP: 0/0
 29942 | Crypt:3  | Reached skill level 10 in Unarmed Combat
 29981 | Crypt:3  | Reached skill level 21 in Spellcasting
 30097 | Crypt:3  | Identified the +4 glaive of the Hurting King {vamp, Str+3}
 30170 | Crypt:3  | Identified the +2 morningstar of the Doomed Warrior
                  | {vorpal, *Corrode rC+ Str+4}
 30281 | Crypt:3  | Found a staircase to the Tomb.
 30281 | Crypt:3  | Noticed an ancient lich
 30286 | Crypt:3  | Killed an ancient lich
 30347 | Tomb:1   | Entered Level 1 of the Tomb of the Ancients
 30644 | Tomb:1   | Noticed a royal mummy
 30648 | Tomb:1   | Killed a royal mummy
 30658 | Tomb:1   | Noticed a royal mummy
 30661 | Tomb:1   | Noticed a royal mummy
 30701 | Tomb:1   | HP: 9/197 [royal mummy/divine providence (12)]
 30703 | Tomb:1   | Killed a royal mummy
 30704 | Tomb:1   | Killed a royal mummy
 30705 | Tomb:1   | Noticed a royal mummy
 30705 | Tomb:1   | Noticed a royal mummy
 30750 | Tomb:1   | Upgraded the game from 0.29-a0-1019-g84f7d21838 to
                  | 0.29-a0-1023-g6ae1a4a2c7
 30750 | Tomb:1   | Upgraded the game from 0.29-a0-1023-g6ae1a4a2c7 to
                  | 0.29-a0-1027-gcd8c55af63
 30750 | Tomb:1   | Acquired 910 gold pieces
 31009 | Vaults:3 | Bought a potion of attraction for 63 gold pieces
 31009 | Vaults:3 | Bought 2 potions of berserk rage for 210 gold pieces
 31315 | Vaults:4 | Bought a scroll of fear for 56 gold pieces
 31315 | Vaults:4 | Bought a wand of roots (2) for 67 gold pieces
 31315 | Vaults:4 | Bought a potion of curing for 42 gold pieces
 31315 | Vaults:4 | Bought a potion of attraction for 42 gold pieces
 31638 | D:11     | Bought a potion of attraction for 39 gold pieces
 31638 | D:11     | Bought a potion of resistance for 130 gold pieces
 31638 | D:11     | Bought a potion of curing for 39 gold pieces
 31638 | D:11     | Bought a potion of might for 52 gold pieces
 31638 | D:11     | Bought a potion of mutation for 104 gold pieces
 31638 | D:11     | Bought a potion of mutation for 104 gold pieces
 31638 | D:11     | Bought a potion of curing for 39 gold pieces
 31673 | D:11     | Bought a scroll of immolation for 116 gold pieces
 31795 | Orc:1    | Bought a potion of berserk rage for 85 gold pieces
 31795 | Orc:1    | Bought a potion of lignification for 51 gold pieces
 31795 | Orc:1    | Bought a potion of lignification for 51 gold pieces
 31795 | Orc:1    | Bought a potion of lignification for 51 gold pieces
 32001 | Slime:1  | Entered Level 1 of the Pits of Slime
 32344 | Slime:5  | Entered Level 5 of the Pits of Slime
 32668 | Slime:5  | Noticed the Royal Jelly
 32680 | Slime:5  | Killed the Royal Jelly
 32680 | Slime:5  | Enslaved the Royal Jelly
 32698 | Slime:5  | Found a viscous altar of Jiyva.
 32699 | Slime:5  | Found the +11 plutonium sword {Contam Stlth-}
 32702 | Slime:5  | Found the +2 shield of Resistance {rF++ rC++ Will++}
 32733 | Slime:5  | Got a slimy rune of Zot
 32735 | Slime:5  | Identified the +6 arbalest of the Maze {vorpal, Int+7
                  | Stlth+}
 32823 | Slime:5  | Identified the +4 scale mail of Fepoemuag {+Blink rElec}
 32828 | Slime:5  | Upgraded the game from 0.29-a0-1027-gcd8c55af63 to
                  | 0.29-a0-1033-gb6c65ffae6
 33099 | D:3      | Bought a manual of Shields for 1120 gold pieces
 33528 | D:14     | Reached skill level 1 in Shields
 34097 | Tomb:1   | Reached XP level 27. HP: 203/203 MP: 0/0
 34097 | Tomb:1   | Learned a level 9 spell: Fire Storm
 34714 | Tomb:2   | Noticed a royal mummy
 34721 | Tomb:2   | Killed a royal mummy
 34722 | Tomb:2   | Killed a royal mummy
 34772 | Tomb:2   | Noticed a royal mummy
 34773 | Tomb:2   | Noticed a royal mummy
 34792 | Tomb:2   | HP: 9/306 [royal mummy (8)]
 34792 | Tomb:2   | HP: 3/306 [emperor scorpion[a royal mummy] (6)]
 34793 | Tomb:2   | HP: 1/306 [death scarab[a royal mummy] (13)]
 34793 | Tomb:2   | Killed from afar by a royal mummy

Illustrated notes

Levels and vault maps discovered:
D:1:      ebering_trefoil_3fold, layout_basic,
          ebering_ecumenical_altar_sacrificial, minmay_misc_feat_five
D:2:      layout_rooms
D:3:      layout_basic, bloody_trog, serial_shops, shop_statue
D:4:      layout_rooms, marbit_many_paths, mainiacjoe_overflow_big_doors,
          nicolae_tso_carved_into_rock, grunt_gozag_statues,
          gammafunk_ghost_gnarly_gnolls, hangedman_glass_garden, uniq_robin
D:5:      layout_gridville, kennysheep_mini_moat, ebering_ghost_sewer_f
D:6:      layout_basic, minmay_temple_entry_mini_moons, dreamdust_gnoll_farm,
          uniq_blork_the_orc, uniq_duvessa
D:7:      layout_loops_cross, mainiacjoe_overflow_paths, kennysheep_little_box,
          hangedman_feature_mirror, lemuel_old_faithful, uniq_pikel
D:8:      layout_loops_corners, fiery_altar_vehumet, lair_entry_dummy,
          minmay_strange_pillars, kennysheep_pointless_box, st_stairs_5
D:9:      layout_grid_maze, nicolae_elyvilon_temple_path, orc_0_dummy,
          hangedman_abyss_or_decor_passed
D:10:     layout_gridville, minivault_19, minmay_librarian
D:11:     layout_roguey, serial_shops, nicolae_shop_stone, shop,
          okawaru_gym_becter
D:12:     layout_roguey [special_room_bee], uniq_kirke, uniq_fannar, uniq_sonja
D:13:     layout_basic, skrybe_vaults_entry_preservation, kennysheep_minor_cross
D:14:     layout_roguey
Temple:   minmay_temple_curvy_loop
Lair:1:   beast_lair_carwin_large_4, layout_cave_pods,
          infiniplex_staircase_pool_2, uniq_amaemon
Lair:2:   wad_woods_structure_01, layout_big_grid, st_stairs_4,
          lemuel_fruit_fields
Lair:3:   layout_hall_layers, elwin_shoals_entry_stream,
          nicolae_spider_entry_non_spiders
Lair:4:   layout_small_grid, slime_entry_1, beast_lair_carwin_5,
          grunt_megastairs_5, lemuel_fruit_fields, infiniplex_staircase_pool
Lair:5:   hangedman_lair_tendril_chambers, layout_misc_corridors,
          hangedman_lair_caniforms_friends, lemuel_oklob_altar,
          serial_bayou_shore_a
Shoals:1: layout_shoals, nicolae_shoals_siren_and_animal_friends
Shoals:2: layout_shoals, nicolae_shoals_lost_giant_temple
Shoals:3: layout_shoals, serial_shops, nicolae_stop_n_shop_1, shop_statue,
          nicolae_shoals_drake_roost
Shoals:4: shoals_end_hangedman, layout_shoals, uniq_polyphemus
Spider:1: layout_spider_delve, ebering_ghost_reflecting_pool, uniq_aizul
Spider:2: layout_cave_pods
Spider:3: layout_spider_delve
Spider:4: hellmonk_spider_rune_endless_swarm
Slime:1:  layout_caves
Slime:2:  layout_caves
Slime:3:  layout_caves
Slime:4:  layout_caves
Slime:5
Orc:1:    cheibrodos_orc_guarddog, layout_caves, serial_shops, shop_statue,
          elves_outpost_lemuel
Orc:2:    pubby_orc_utopia, serial_shops, uniq_erolcha
Elf:1:    nicolae_elf_arrival_dilemma, layout_loops_cross, minmay_elf_necromancy
Elf:2:    nicolae_elf_blades_crystal_corner, layout_loops_corners, serial_shops,
          nicolae_shop_hallway_plus, minivault_23, minmay_misc_feat_pillars,
          dreamdust_wishing_well
Elf:3:    elf_hall_gauntlet_wide, layout_geoelf_grid, serial_shops, shop,
          nicolae_shop_statue_plus, shop, uniq_nikola, uniq_donald
Vaults:1: nicolae_vaults_theta, hangedman_vaults_maws, dpeg_vaults_monster_box,
          ontoclasm_vaults_misaligned, ontoclasm_vaults_ligature,
          vaults_room_guarded_vault, v_alt_pattern_1, ontoclasm_vaults_shuriken,
          layout_vaults_big_room
Vaults:2: infiniplex_enter_wizlab_glasses, v_alt_pattern_1, grunt_vaults_swirl,
          nicolae_vaults_rhombus_7, nicolae_vaults_little_squares_1,
          vaults_dpeg_hooks, layout_vaults_quadrants
Vaults:3: grunt_vaults_focal, v_misc_29, minmay_crypt_entry_simple_plaza,
          v_misc_33, nicolae_vaults_back_hallway,
          nicolae_vaults_twisting_passages, vaults_room_ringed_pool, door_vault,
          nicolae_vaults_arrows, vaults_mumra_hexcomb, vaults_dpeg_ring,
          nicolae_vaults_asterisk, layout_vaults_omnibox, serial_shops, shop,
          nicolae_shop_trees, shop, nicolae_shop_window_shopping
Vaults:4: vaults_mumra_minichess, hangedman_vaults_slice, v_alt_pattern_4,
          vaults_room_hallway, v_alt_pattern_4, hangedman_vaults_cutoff,
          ontoclasm_vaults_claustrophobia, hangedman_vaults_capsules,
          vaults_dpeg_spiral, vaults_room_pool, vaults_dpeg_encased_lava,
          layout_vaults_maze_snakey, serial_shops, bzr_entry_gold, shop
Vaults:5: serial_shops
Crypt:1:  grunt_deathspiral_small, layout_chaotic_city, uniq_josephina
Crypt:2:  layout_gridlike, serial_sigils_hangedman_quiver, eino_tiny_chamber,
          st_burial_chamber
Crypt:3:  grunt_crypt_end_deaths_head
Tomb:1
Tomb:2

Skill      XL: |  1  2  3  4  5  6  7  8  9 10 11 12 13 14 15 16 17 18 19 20 21 22 23 24 25 26 27 |
---------------+----------------------------------------------------------------------------------+-----
Invocations    | 1 2 3 4 6 7 8 9 10 11 12 13 14 15 16 17 18 19 | 19.6
Fighting       | 1 2 3 4 6 8 9 10 11 12 13 14 15 16 17 18 19 | 19.6
Stealth        | 2 3 4 5 6 7 8 9 10 11 12 13 14 15 16 17 18 | 18.5
Spellcasting   | 3 4 5 7 8 9 10 11 12 13 14 15 16 17 18 19 20 21 | 21.4
Dodging        | 5 7 9 10 12 13 14 | 14.8
Unarmed Combat | 2 9 13 | 13.8
Evocations     | 1 5 7 |  7.2
Shields        | 1 4 |  4.2

Action                   |  1- 3 |  4- 6 |  7- 9 | 10-12 | 13-15 | 16-18 | 19-21 | 22-24 | 25-27 || total
-------------------------+-------+-------+-------+-------+-------+-------+-------+-------+-------++-------
Melee: Whip              |    34 |    88 |       |       |       |       |       |       |       ||   122
       Unarmed           |       |     4 |       |       |       |       |       |     3 |   232 ||   239
       Dagger            |       |       |    13 |       |       |       |       |       |       ||    13
       Mace              |       |       |       |    11 |       |       |       |    12 |       ||    23
       Trident           |       |       |       |     9 |    98 |     7 |       |       |       ||   114
       Demon trident     |       |       |       |       |       |     9 |    20 |    59 |    41 ||   129
       Punch             |       |       |       |       |       |       |       |       |    21 ||    21
       Staff             |       |       |       |       |       |       |       |       |     1 ||     1
Throw: Dart              |       |       |       |       |       |       |       |     1 |       ||     1
 Cast: Sting             |    40 |    16 |     1 |     1 |       |       |       |       |       ||    58
       Poisonous Vapours |     6 |    28 |    24 |    50 |   117 |   169 |   119 |   115 |    28 ||   656
       Slow              |       |     5 |    32 |     1 |    10 |     4 |     1 |     2 |       ||    55
       Mephitic Cloud    |       |     3 |     1 |     1 |       |       |       |       |    11 ||    16
       Scorch            |       |     1 |    25 |    42 |   119 |    65 |    88 |   151 |   151 ||   642
       Searing Ray       |       |       |    11 |     7 |     9 |     1 |       |       |     6 ||    34
       Olgreb's Toxic Ra |       |       |    15 |    36 |    79 |   121 |    93 |    81 |     4 ||   429
       Ignite Poison     |       |       |     4 |    57 |   118 |   157 |   181 |   146 |    37 ||   700
       Iskenderun's Myst |       |       |       |     1 |       |     1 |       |     2 |    15 ||    19
       Alistair's Intoxi |       |       |       |       |     8 |     2 |     6 |       |       ||    16
       Summon Cactus Gia |       |       |       |       |    10 |    18 |    50 |    45 |    69 ||   192
       Malign Gateway    |       |       |       |       |       |       |    25 |    25 |    55 ||   105
       Necromutation     |       |       |       |       |       |       |     1 |    10 |    17 ||    28
       Storm Form        |       |       |       |       |       |       |       |     1 |    20 ||    21
       Polar Vortex      |       |       |       |       |       |       |       |       |     3 ||     3
       Fire Storm        |       |       |       |       |       |       |       |       |     5 ||     5
Invok: Recall Undead Har |       |       |       |     5 |    13 |    19 |    33 |    23 |     7 ||   100
       Bind Soul         |       |       |       |     1 |     2 |     3 |     1 |     2 |     5 ||    14
       Dark Bargain      |       |       |       |     1 |     5 |    19 |    13 |    20 |     2 ||    60
 Abil: End Transformatio |       |       |       |       |       |       |     1 |       |    14 ||    15
       Blinkbolt         |       |       |       |       |       |       |       |       |    16 ||    16
Evoke: Wand              |       |     5 |     2 |       |       |     4 |       |       |     4 ||    15
       Phial of floods   |       |       |       |       |       |     1 |       |     1 |     1 ||     3
       Condenser vane    |       |       |       |       |       |       |     1 |     3 |     3 ||     7
       Box of beasts     |       |       |       |       |       |       |       |     1 |     5 ||     6
       Lightning rod     |       |       |       |       |       |       |       |       |     4 ||     4
       Phantom mirror    |       |       |       |       |       |       |       |       |     1 ||     1
  Use: Potion            |     1 |     2 |     9 |     1 |       |       |     1 |     1 |    10 ||    25
       Scroll            |       |       |     9 |     4 |     8 |     1 |    11 |    10 |    18 ||    61
 Stab: Sleeping          |       |     2 |     3 |     1 |     5 |     3 |     1 |     4 |     3 ||    22
       Confused          |       |       |     1 |       |       |       |       |       |       ||     1
       Distracted        |       |       |       |       |     1 |       |     1 |     5 |     6 ||    13
       Fleeing           |       |       |       |       |       |       |       |     1 |       ||     1
Armor: Robe              |    11 |     3 |     8 |       |       |       |       |       |       ||    22
       Animal skin       |       |    11 |     1 |       |       |       |       |       |       ||    12
       Skin              |       |    11 |       |       |       |       |       |       |    84 ||    95
       Troll leather arm |       |       |       |     3 |    15 |    22 |    36 |    64 |    97 ||   237
       Ring mail         |       |       |       |    12 |       |       |       |       |       ||    12
Dodge: Dodged            |    34 |    80 |    22 |    50 |    35 |    87 |   138 |   237 |   617 ||  1300
       Repelled          |       |       |       |       |     2 |     1 |     7 |     6 |     3 ||    19
Block: Buckler           |     8 |    18 |     5 |     5 |     9 |    14 |    18 |    29 |     1 ||   107
       Kite shield       |       |       |       |       |       |       |       |       |    19 ||    19

Table legend: (Time is in decaauts)
 A = Elapsed time spent in this place.
 B = Non-inter-level travel time spent in this place.
 C = Inter-level travel time spent in this place.
 D = Time resting spent in this place.
 E = Time spent auto-exploring this place.
 F = Levels seen in this place.
 G = Mean time per level.
                   A        B        C        D        E       F      G
               +--------+--------+--------+--------+--------+-----+--------+
         Total |  34986 |  28969 |   6017 |      4 |      0 |  50 |  699.7 |
       Dungeon |  10207 |   8120 |   2087 |      4 |      0 |  14 |  729.1 |
        Temple |     40 |     30 |     10 |      0 |      0 |   1 |   40.0 |
          Lair |   3736 |   3155 |    581 |      0 |      0 |   5 |  747.2 |
        Shoals |   2021 |   1822 |    199 |      0 |      0 |   4 |  505.2 |
   Spider Nest |   2480 |   2095 |    385 |      0 |      0 |   4 |  620.0 |
    Slime Pits |    877 |    830 |     47 |      0 |      0 |   5 |  175.4 |
  Orcish Mines |   2014 |   1603 |    411 |      0 |      0 |   2 | 1007.0 |
   Elven Halls |   2257 |   1921 |    336 |      0 |      0 |   3 |  752.3 |
        Vaults |   5493 |   4096 |   1397 |      0 |      0 |   5 | 1098.6 |
         Crypt |   3411 |   2975 |    436 |      0 |      0 |   3 | 1137.0 |
          Tomb |   1243 |   1116 |    127 |      0 |      0 |   2 |  621.5 |
        Bazaar |    157 |    157 |      0 |      0 |      0 |   1 |  157.0 |
        Wizlab |   1045 |   1045 |      0 |      0 |      0 |   1 | 1045.0 |
               +--------+--------+--------+--------+--------+-----+--------+

Top non-repeatable levels by time:
Vaults:3: 1486 daAuts
   Orc:2: 1426 daAuts
     D:6: 1213 daAuts
 Crypt:1: 1213 daAuts
Vaults:2: 1208 daAuts
Vaults:5: 1202 daAuts
     D:8: 1162 daAuts
 Crypt:2: 1157 daAuts
  Tomb:1: 1152 daAuts
   Elf:2: 1105 daAuts
     D:9: 1059 daAuts
  WizLab: 1045 daAuts
 Crypt:3: 1040 daAuts
  Lair:2: 935 daAuts
  Lair:5: 832 daAuts
